[Event "*** SCC Grand Prix: Titled Tuesday Blitz"]
[Site "Chess.com"]
[Date "2020.07.21"]
[Round "5"]
[White "RaunakSadhwani2005"]
[Black "Dr-Bassem"]
[Result "1-0"]
[WhiteElo "2997"]
[BlackElo "2827"]
[TimeControl "180+1"]
[EndTime "10:55:10 PDT"]
[Termination "RaunakSadhwani2005 won on time"]

1. d4 f5 2. c4 Nf6 3. Nc3 e6 4. a3 Be7 5. e3 d6 6. Nf3 O-O 7. Bd3 Nc6 8. Qc2 Qe8 9. e4 e5 10. dxe5 dxe5 11. Nd5 Bd8 12. Bg5 fxe4 13. Bxe4 Nxe4 14.
Qxe4 Bf5 15. Qh4 Nd4 16. Bxd8 Rxd8 17. O-O Nxf3+ 18. gxf3 Bd3 19. Rfe1 Rxf3 20. Ne7+ Kh8 21. Rxe5 Rd6 22. Rae1 Qf7 23. Nf5 Rg6+ 24. Ng3 h6 25.
Re8+ Kh7 26. Qd8 Rgxg3+ 27. hxg3 Rxf2 28. Qxd3+ Rf5 29. g4 1-0

[Event "*** SCC Grand Prix: Titled Tuesday Blitz"]
[Site "Chess.com"]
[Date "2020.07.21"]
[Round "5"]
[White "Munkhzul_Turmunkh"]
[Black "51616516516"]
[Result "1-0"]
[WhiteElo "2595"]
[BlackElo "2411"]
[TimeControl "180+1"]
[EndTime "10:55:10 PDT"]
[Termination "Munkhzul_Turmunkh won on time"]

1. e4 c5 2. Nf3 e6 3. d4 cxd4 4. Nxd4 Nc6 5. Nc3 Qc7 6. Be3 a6 7. Qd2 Nf6 8. O-O-O Bb4 9. f3 Ne5 10. Nb3 O-O 11. a3 Be7 12. f4 Neg4 13. Bg1 d5 14. e5 Nd7 15. h3 Nh6 16. g4 b5 17.
Kb1 Bb7 18. Bg2 Rac8 19. Bd4 b4 20. axb4 Bxb4 21. Rhf1 Nb6 22. f5 Nc4 23. Qg5 f6 24. exf6 e5 25. Nxd5 Bxd5 26. Bxd5+ Kh8 27. fxg7+ Qxg7 28. Qxg7+ Kxg7 29. Bxc4 Rxc4 30. Bxe5+ Kg8 31. Rd7 Nf7 32. Bd4 a5 33. c3 a4 34. Nd2 1-0

[Event "*** SCC Grand Prix: Titled Tuesday Blitz"]
[Site "Chess.com"]
[Date "2020.07.21"]
[Round "5"]
[White "kingmonkey2006"]
[Black "nrvisakh"]
[Result "0-1"]
[WhiteElo "2618"]
[BlackElo "2829"]
[TimeControl "180+1"]
[EndTime "10:55:11 PDT"]
[Termination "nrvisakh won by checkmate"]

1. e4 c6 2. Nc3 d5 3. Nf3 Bg4 4. h3 Bxf3 5. Qxf3 Nf6 6. Be2 e6 7. O-O Be7 8. d3 O-O 9. Qg3 Nbd7 10. Kh1 Kh8 11. f4 Nc5 12. e5 Ne8 13. d4 Na6 14. Nd1 f5 15. c3 c5 16. Be3 Rc8 17. a3 cxd4 18. cxd4 Qb6 19. b4 Nac7 20. Nb2 Nb5 21. Na4 Qa6 22. Nc5 Bxc5 23. bxc5 Qc6 24. Bd3 Nc3 25.
Qe1 Ne4 26. Bxe4 dxe4 27. Qa5 Nc7 28. Rab1 Nd5 29. Bd2 b6 30. Qxa7 e3 31. Be1 Ra8 32. Rxb6 Nxb6 33. Qxb6 Qe4 34. Qxe6 e2 35. Rg1 Rxa3 36.
d5 Rxh3# 0-1

[Event "*** SCC Grand Prix: Titled Tuesday Blitz"]
[Site "Chess.com"]
[Date "2020.07.21"]
[Round "5"]
[White "MVM2008"]
[Black "aNaartjieZA"]
[Result "0-1"]
[WhiteElo "2181"]
[BlackElo "2455"]
[TimeControl "180+1"]
[EndTime "10:55:11 PDT"]
[Termination "aNaartjieZA won on time"]

1. e4 e6 2. Qe2 c5 3. d3 Nc6 4. Nf3 Be7 5. g3 d5 6. Nbd2 Nf6 7. Bg2 O-O 8. O-O Qc7 9. c3 b5 10. Re1 a5 11. Nf1 b4 12. e5 Nd7 13. Bf4 Ba6 14.
h4 a4 15. N1h2 a3 16. bxa3 bxc3 17. h5 Rfb8 18. Ng4 Rb2 19. Qd1 Qb6 20. h6 g6 21.
Bg5 c4 22. d4 Bxg5 23. Nxg5 Nxd4 24. Nf3 Nf5 25. Qc1 d4 26. Qg5 Qd8 27. Qf4 d3 28. Ng5 Rab8 29. Ne4 c2 30. Ngf6+ Nxf6 31. Nxf6+ Kh8 32. g4 d2 33. gxf5 dxe1=Q+ 34. Rxe1 Rb1 35. fxg6 Rxe1+ 36. Kh2 fxg6 37. Qg5 c1=Q 0-1

[Event "*** SCC Grand Prix: Titled Tuesday Blitz"]
[Site "Chess.com"]
[Date "2020.07.21"]
[Round "5"]
[White "Kobalia"]
[Black "Fh2411"]
[Result "1-0"]
[WhiteElo "2758"]
[BlackElo "2585"]
[TimeControl "180+1"]
[EndTime "10:55:15 PDT"]
[Termination "Kobalia won by resignation"]

1. e4 c5 2. Nf3 e6 3. g3 b6 4. Bg2 Bb7 5. O-O Bxe4 6. Nc3 Bc6 7. d4 Nf6 8. Ne5 Bxg2 9. Kxg2 cxd4 10. Qxd4 Nc6 11. Nxc6 dxc6 12. Qc4 Rc8 13. Rd1 Nd5 14.
Ne4 Be7 15. Qe2 b5 16. Qg4 O-O 17. Bh6 Bf6 18. c3 Re8 19. a4 a6 20. axb5 axb5 21. Ra7 Kf8 22. Qh5 Rc7 23. Rxc7 Qxc7 24. Nxf6 Nxf6 25. Bxg7+ Kxg7 26. Qg5+ Kf8 27. Qxf6 e5 28. Qh8+ Ke7 29. Qxh7 Qc8 30. Qh4+ Kf8 31. Qh8+ Ke7 32. Qxe5+ Qe6 33. Re1 Kd7 34. Qd4+ Qd5+ 35. Qxd5+ cxd5 36. Rxe8 1-0

[Event "*** SCC Grand Prix: Titled Tuesday Blitz"]
[Site "Chess.com"]
[Date "2020.07.21"]
[Round "5"]
[White "XDPS"]
[Black "Onegust"]
[Result "0-1"]
[WhiteElo "2721"]
[BlackElo "2592"]
[TimeControl "180+1"]
[EndTime "10:55:15 PDT"]
[Termination "Onegust won by checkmate"]

1. e4 c5 2. Nf3 d6 3. d4 cxd4 4.
Nxd4 Nf6 5. Nc3 a6 6. Be2 e5 7.
Nf3 Be7 8. Bg5 Nbd7 9. O-O O-O 10. Nd2 h6 11. Be3 b5 12. a4 b4 13. Nd5 Nxd5 14. exd5 f5 15. f4 Qc7 16. Nc4 Bf6 17. a5 Bb7 18.
Ra4 Rfe8 19. Rxb4 exf4 20. Rxb7 Qxb7 21. Nxd6 Qxb2 22. Nxe8 Rxe8 23. Bxf4 Qb4 24. Bxa6 Qxa5 25. Be2 Qc5+ 26. Kh1 Re4 27. Bg3 Rd4 28. Qb1 Qxd5 29. Bd3 Nc5 30. Bxf5 Rd2 31. Qb8+ Bd8 32. Qf4 Qxg2# 0-1

[Event "*** SCC Grand Prix: Titled Tuesday Blitz"]
[Site "Chess.com"]
[Date "2020.07.21"]
[Round "5"]
[White "AldokhinIvan"]
[Black "Schack-Hugo"]
[Result "1-0"]
[WhiteElo "2578"]
[BlackElo "2186"]
[TimeControl "180+1"]
[EndTime "10:55:15 PDT"]
[Termination "AldokhinIvan won on time"]

1. e4 c6 2. Nc3 d5 3. d4 dxe4 4. Nxe4 Nf6 5. Nxf6+ exf6 6. c3 Bf5 7. Bd3 Bxd3 8. Qxd3 Bd6 9. Ne2 O-O 10. O-O Nd7 11.
Ng3 Bxg3 12. Qxg3 f5 13. Bg5 Qb8 14. Qh3 g6 15. Rfe1 Re8 16. Qh4 Qd6 17. Be7 Qc7 18.
c4 Nb6 19. b3 h5 20. Re3 Nc8 21.
Rae1 Nxe7 22. Rxe7 Rxe7 23. Qxe7 Qxe7 24. Rxe7 Rd8 25.
Rxb7 Rxd4 26. h3 Rd1+ 27. Kh2 Rd2 28. Rxa7 Rxf2 29. Kg3 Rc2 30. Ra6 f4+ 31. Kxf4 Rxg2 32. Rxc6 Rxa2 33. b4 1-0

[Event "*** SCC Grand Prix: Titled Tuesday Blitz"]
[Site "Chess.com"]
[Date "2020.07.21"]
[Round "5"]
[White "The_Machine04"]
[Black "FMalexhdez"]
[Result "1-0"]
[WhiteElo "2284"]
[BlackElo "2128"]
[TimeControl "180+1"]
[EndTime "10:55:15 PDT"]
[Termination "The_Machine04 won by resignation"]

1. d4 Nf6 2. Bg5 Ne4 3. Bf4 d5 4. e3 c5 5. Bd3 cxd4 6. exd4 Qb6 7. Bxe4 dxe4 8. Nc3 e6 9. Nge2 Nc6 10. O-O a6 11. Nxe4 Qxb2 12. Nd6+ Bxd6 13. Bxd6 Kd7 14. Bc5 Ne7 15. c4 Rd8 16. Rb1 Qxa2 17. Nc3 Qxc4 18. Qf3 Ke8 19. Ne4 Nf5 20. g4 Nxd4 21. Bxd4 Rxd4 22. Rfe1 Kf8 23. Rbc1 Qa4 24. Rc7 Bd7 25. h3 Rc8 26. Nc5 Qa5 27. Nxd7+ Rxd7 28. Rxc8+ Ke7 29. Qc3 Qd5 30. Qc5+ Kf6 31. Qxd5 Rxd5 32. Rc7 b5 33. Ra7 Rd6 34. Ra1 1-0

[Event "*** SCC Grand Prix: Titled Tuesday Blitz"]
[Site "Chess.com"]
[Date "2020.07.21"]
[Round "5"]
[White "MomchilPetkov"]
[Black "imdvb6307"]
[Result "1-0"]
[WhiteElo "2582"]
[BlackElo "2399"]
[TimeControl "180+1"]
[EndTime "10:55:16 PDT"]
[Termination "MomchilPetkov won on time"]

1. d4 d5 2. c4 c6 3. cxd5 cxd5 4. Bf4 Nc6 5. e3 Bf5 6. Nc3 Nf6 7. Qb3 Na5 8. Qa4+ Bd7 9. Qc2 Rc8 10. Nf3 e6 11.
Bd3 Be7 12. h3 Nc4 13. O-O Qa5 14. Rfc1 O-O 15. a3 b5 16. Ne5 h6 17. Qe2 a6 18.
e4 dxe4 19. Nxe4 Nxe5 20. Bxe5 Nd5 21. Nc5 Bc6 22. b4 Qb6 23. Qg4 Bf6 24. Qe4 g6 25.
Bxf6 Nxf6 26. Qe5 Nd7 27. Qf4 Kg7 28. Rc3 Rfd8 29. Rac1 Nf8 30. Qe5+ Kg8 31. Qe3 Bd5 32. Qxh6 1-0

[Event "*** SCC Grand Prix: Titled Tuesday Blitz"]
[Site "Chess.com"]
[Date "2020.07.21"]
[Round "5"]
[White "vovachesss"]
[Black "HElissalt"]
[Result "0-1"]
[WhiteElo "2575"]
[BlackElo "2275"]
[TimeControl "180+1"]
[EndTime "10:55:17 PDT"]
[Termination "HElissalt won on time"]

1. e4 d6 2. Nc3 Nf6 3. Be2 c5 4.
g4 Nc6 5. g5 Nd7 6. d3 Nd4 7.
Be3 e5 8. h4 Nb6 9. f4 exf4 10.
Bxf4 d5 11. Nf3 Bd6 12. e5 Be7 13. Qd2 Nxe2 14. Qxe2 Bg4 15. O-O-O O-O 16. h5 Qd7 17. Rdf1 Qf5 18. Bd2 d4 19. Ne4 Nd5 20. Qg2 Bxf3 21. Rxf3 Qxe5 22. Rhf1 Ne3 23. Bxe3 dxe3 24. Rxe3 Qd4 25.
Ref3 c4 26. Rf4 Qe3+ 27. Kb1 cxd3 28. cxd3 Qxd3+ 29. Ka1 Rac8 30. a3 Rc2 31. R1f2 Rc1+ 32. Ka2 Qc4+ 33. b3 Qd3 34. Rb2 Qd1 0-1

[Event "*** SCC Grand Prix: Titled Tuesday Blitz"]
[Site "Chess.com"]
[Date "2020.07.21"]
[Round "5"]
[White "petincash"]
[Black "Morshynska"]
[Result "1-0"]
[WhiteElo "2358"]
[BlackElo "2169"]
[TimeControl "180+1"]
[EndTime "10:55:17 PDT"]
[Termination "petincash won by resignation"]

1. e4 e5 2. Nf3 Nc6 3. g3 Nf6 4. d3 Bc5 5. Bg2 d6 6. O-O O-O 7. Nc3 a6 8. a4 Ne8 9. Nd5 h6 10.
c3 Ba7 11. Nh4 Ne7 12. Nxe7+ Qxe7 13. Be3 Bxe3 14. fxe3 g6 15. Rf2 Be6 16. Qf1 c5 17. Bh3 Kg7 18. c4 Nc7 19. Qg2 b5 20. Nf5+ gxf5 21.
exf5 f6 22. fxe6 Nxe6 23. axb5 Ng5 24. Bf5 e4 25. h4 Nf3+ 26. Kh1 axb5 27. Raf1 Ra2 28.
Bxe4 Ne5 29. Qh3 bxc4 30. Qf5 Rh8 31. d4 Nd3 32. Qg6+ Kf8 33. Rxf6+ 1-0

[Event "*** SCC Grand Prix: Titled Tuesday Blitz"]
[Site "Chess.com"]
[Date "2020.07.21"]
[Round "5"]
[White "talman67"]
[Black "Kirill_Klukin"]
[Result "0-1"]
[WhiteElo "2496"]
[BlackElo "2719"]
[TimeControl "180+1"]
[EndTime "10:55:18 PDT"]
[Termination "Kirill_Klukin won by checkmate"]

1. e4 c5 2. Nf3 Nc6 3. Bb5 g6 4.
Bxc6 bxc6 5. O-O Bg7 6. c3 Nh6 7. h3 O-O 8. d4 cxd4 9. cxd4 f6 10. Nc3 d6 11. Re1 Nf7 12. Qc2 Qa5 13. Bd2 Qh5 14.
Ne2 Bd7 15. d5 g5 16. dxc6 Rac8 17. Ned4 g4 18. hxg4 Bxg4 19. Qd3 Ne5 20. Nxe5 fxe5 21. Nb3 Kh8 22. Rac1 Bf6 23. Re3 Rg8 24. Rg3 Bh4 25.
Re3 Bxf2+ 26. Kxf2 Qh2 27. Rg3 Rcf8+ 28. Bf4 Rxf4+ 29.
Ke1 Rc8 30. Kd2 Rf2+ 31. Kc3 Be6 32. Kb4 Qh6 33. Rc3 Rb8+ 34. Ka5 Rxb2 35. c7 Rxa2# 0-1

[Event "*** SCC Grand Prix: Titled Tuesday Blitz"]
[Site "Chess.com"]
[Date "2020.07.21"]
[Round "5"]
[White "korkmaz16"]
[Black "TheCount"]
[Result "0-1"]
[WhiteElo "2342"]
[BlackElo "2650"]
[TimeControl "180+1"]
[EndTime "10:55:18 PDT"]
[Termination "TheCount won by resignation"]

1. e4 c5 2. Nf3 Nc6 3. d4 cxd4 4. Nxd4 Qb6 5. Nb3 Nf6 6. Nc3 e6 7. Be3 Qc7 8. Bd3 a6 9. O-O d6 10. f4 Be7 11. a3 O-O 12. Qf3 Nd7 13. Kh1 b5 14. Rae1 Bb7 15. Qh3 Rfe8 16. e5 g6 17.
Ne4 dxe5 18. Ng5 Nf8 19. Nc5 Bxg5 20. fxg5 Nd4 21. b4 Nf5 22. Bg1 Bd5 23. Be4 a5 24. g4 Nd6 25. Bg2 axb4 26. axb4 Ra2 27. Re2 Bc4 28.
Rfe1 Bxe2 29. Rxe2 Qe7 30. Rxe5 Rxc2 31. Bc6 Rc8 32.
Be4 Rc1 33. Kg2 Nc4 34. Bd4 Qd6 35. Qe3 Nxe3+ 36. Bxe3 Qxe5 37. Bxc1 Rxc5 38. Be3 Qxe4+ 39. Kf2 Rc2+ 0-1

[Event "*** SCC Grand Prix: Titled Tuesday Blitz"]
[Site "Chess.com"]
[Date "2020.07.21"]
[Round "5"]
[White "Iskusnyh"]
[Black "tandaleo"]
[Result "1-0"]
[WhiteElo "2488"]
[BlackElo "2321"]
[TimeControl "180+1"]
[EndTime "10:55:20 PDT"]
[Termination "Iskusnyh won on time"]

1. d4 d5 2. c4 e6 3. g3 c6 4. Nf3 Nf6 5. Bg2 Nbd7 6. Qc2 Bb4+ 7. Nbd2 O-O 8. O-O b6 9. e4 Bb7 10. e5 Ne8 11. cxd5 cxd5 12. h4 Rc8 13. Qb3 Be7 14.
Re1 Qc7 15. Nf1 Qc2 16. Bd2 Qxb3 17. axb3 a5 18. b4 axb4 19. Ra7 Bc6 20. Rc1 Ra8 21. Rxa8 Bxa8 22. Ne3 Bb7 23. Bf1 Nb8 24. Bb5 Na6 25. h5 Nec7 26. Bd3 Rc8 27. h6 g6 28. Ng4 Ne8 29. Ra1 Ra8 30. Bg5 Bxg5 31. Nxg5 Nac7 32. Rc1 Ba6 33. Bxa6 Nxa6 34. Rc6 b5 35. Rb6 Nac7 36.
Nf6+ Nxf6 37. exf6 Rc8 38. Rc6 1-0

[Event "*** SCC Grand Prix: Titled Tuesday Blitz"]
[Site "Chess.com"]
[Date "2020.07.21"]
[Round "5"]
[White "exoticprincess"]
[Black "David_Paravyan"]
[Result "0-1"]
[WhiteElo "2838"]
[BlackElo "3006"]
[TimeControl "180+1"]
[EndTime "10:55:21 PDT"]
[Termination "David_Paravyan won by resignation"]

1. d4 Nf6 2. c4 e6 3. Nc3 Bb4 4. e3 O-O 5. Ne2 c6 6. a3 Ba5 7. b4 Bc7 8. e4 d5 9. e5 Ne8 10. Ng3 f6 11. exf6 Qxf6 12. Be3 a5 13. Be2 Nd6 14. c5 Nf5 15. O-O axb4 16. axb4 Rxa1 17. Qxa1 Nxd4 18. Bd3 Na6 19. Rd1 e5 20. Qb1 g6 21.
h4 Qxh4 22. Bxg6 hxg6 23. Qxg6+ Kh8 24. Bg5 Qh7 25. Bf6+ Rxf6 26. Qxf6+ Qg7 27. Qh4+ Kg8 28. Rd3 Nxb4 29. Nh5 Nf5 30. Qxb4 Qg5 31. Ng3 e4 32. Ncxe4 dxe4 33. Qxe4 Nxg3 34. Qe8+ Kg7 35. fxg3 Qxc5+ 36. Re3 Bb6 37. Qxc8 Qxe3+ 0-1

[Event "*** SCC Grand Prix: Titled Tuesday Blitz"]
[Site "Chess.com"]
[Date "2020.07.21"]
[Round "5"]
[White "Xeniya2005"]
[Black "ehrenfeld"]
[Result "1-0"]
[WhiteElo "2392"]
[BlackElo "2515"]
[TimeControl "180+1"]
[EndTime "10:55:21 PDT"]
[Termination "Xeniya2005 won on time"]

1. e4 e5 2. Nf3 Nc6 3. Bc4 Nf6 4. d4 exd4 5. e5 d5 6. Bb5 Ne4 7. Nxd4 Bd7 8. Bxc6 bxc6 9. O-O Bc5 10. Be3 Bb6 11. c3 O-O 12. Nd2 f6 13. exf6 Nxf6 14. h3 c5 15. Ne2 Bb5 16. Re1 Kh8 17. Nf3 Ne4 18. Nd2 Nf6 19. Nf3 Ne4 20. Nd2 Nxd2 21. Qxd2 d4 22. cxd4 Bxe2 23. Qxe2 cxd4 24. Rad1 Qh4 25.
Qc4 Rad8 26. Re2 dxe3 27. Qxh4 Rxd1+ 28. Kh2 exf2 29. Rxf2 Bxf2 30. Qe7 Bg1+ 31. Kg3 1-0

[Event "*** SCC Grand Prix: Titled Tuesday Blitz"]
[Site "Chess.com"]
[Date "2020.07.21"]
[Round "5"]
[White "Khazieva_Elza"]
[Black "AGW2016"]
[Result "0-1"]
[WhiteElo "2347"]
[BlackElo "2256"]
[TimeControl "180+1"]
[EndTime "10:55:22 PDT"]
[Termination "AGW2016 won by checkmate"]

1. e4 c5 2. Nf3 d6 3. d3 Nf6 4. g3 g6 5. Bg2 Bg7 6. O-O O-O 7. Re1 Nc6 8. e5 dxe5 9. Nxe5 Nxe5 10. Rxe5 Nd7 11.
Re1 Rb8 12. a4 b6 13. a5 Bb7 14. Bxb7 Rxb7 15. Qf3 Rb8 16. axb6 axb6 17. Nc3 e6 18.
Bf4 Ra8 19. h4 h5 20. Bd6 Re8 21. Rab1 Nf6 22. Be5 Nd5 23. Bxg7 Kxg7 24. Ne4 Nb4 25. Ng5 Qd7 26. Rbc1 Ra2 27. Qf4 Nd5 28. Qc4 Ra4 29. Qb3 Rb4 30. Qa2 Ra4 31. Qb1 Rea8 32. b3 Ra2 33.
Ne4 f5 34. c4 fxe4 35. cxd5 exd5 36. dxe4 d4 37. e5 d3 38. Rcd1 Qd4 39. Qxd3 Qxf2+ 40. Kh1 Qh2# 0-1

[Event "*** SCC Grand Prix: Titled Tuesday Blitz"]
[Site "Chess.com"]
[Date "2020.07.21"]
[Round "5"]
[White "PowerThinking2650"]
[Black "ChessicallyInclined"]
[Result "0-1"]
[WhiteElo "2345"]
[BlackElo "2503"]
[TimeControl "180+1"]
[EndTime "10:55:23 PDT"]
[Termination "ChessicallyInclined won by resignation"]

1. e4 c5 2. Nf3 Nc6 3. d4 cxd4 4. Nxd4 Nf6 5. Nc3 e5 6. Ndb5 d6 7. Bg5 a6 8. Na3 b5 9. Nd5 Be7 10. Bxf6 Bxf6 11. c3 O-O 12. Nc2 Rb8 13. h4 g6 14.
h5 Bg7 15. b4 Ne7 16. Nce3 Bb7 17. a4 Bc6 18. axb5 axb5 19. hxg6 hxg6 20. c4 bxc4 21. Bxc4 Nxd5 22. Nxd5 Bxd5 23. Bxd5 Rxb4 24. g3 Rb2 25.
Qg4 Qf6 26. O-O Bh6 27. Ra7 Kg7 28. Rd7 Rd2 29. Kg2 Be3 30. Qf3 Qxf3+ 31. Kxf3 Bc5 32. Kg2 g5 33. Kf3 Kg6 34. Kg4 Rd4 35. f3 f5+ 36. Kh3 Rh8+ 37. Kg2 Rd2+ 0-1

[Event "*** SCC Grand Prix: Titled Tuesday Blitz"]
[Site "Chess.com"]
[Date "2020.07.21"]
[Round "5"]
[White "Jojo_1608"]
[Black "LedakovAlexandr"]
[Result "1-0"]
[WhiteElo "2254"]
[BlackElo "2482"]
[TimeControl "180+1"]
[EndTime "10:55:23 PDT"]
[Termination "Jojo_1608 won on time"]

1. d4 Nc6 2. c4 e5 3. d5 Nce7 4. Nc3 Ng6 5. g3 Bc5 6. Bg2 Nf6 7. e4 d6 8. a3 a6 9. b4 Ba7 10. h3 h5 11. Nf3 h4 12. g4 Bd7 13. Bg5 Qe7 14. Qd2 Qf8 15. a4 Nh7 16. Bxh4 Nxh4 17. Nxh4 Qe7 18. Nf5 Qf6 19. a5 Nf8 20. b5 Ng6 21.
Rb1 Nf4 22. Bf1 g6 23. Ng3 Rh4 24. b6 Bb8 25. bxc7 Bxc7 26. Nce2 Rb8 27. Rh2 Qd8 28.
Ra1 Rc8 29. Nxf4 exf4 30. Qxf4 Bxa5+ 31. Kd1 Bc3 32. Ra3 Be5 33. Qd2 Bxg4+ 34. Be2 Bxe2+ 35.
Kxe2 Rxc4 36. Re3 Bf4 37. Qa2 Bxe3 38. Qxc4 Bf4 39. Qa4+ Kf8 40. Rh1 Qb6 41. Rc1 1-0

[Event "*** SCC Grand Prix: Titled Tuesday Blitz"]
[Site "Chess.com"]
[Date "2020.07.21"]
[Round "5"]
[White "Zkid"]
[Black "Roman_Ovetchkin"]
[Result "1-0"]
[WhiteElo "2798"]
[BlackElo "2602"]
[TimeControl "180+1"]
[EndTime "10:55:24 PDT"]
[Termination "Zkid won on time"]

1. e4 c6 2. d4 d5 3. exd5 cxd5 4. Bd3 Nc6 5. c3 Nf6 6. Bf4 Bg4 7. Qb3 e5 8. h3 exf4 9. hxg4 Rb8 10. Qd1 Bd6 11. Qe2+ Qe7 12. Qxe7+ Kxe7 13. f3 h5 14. g5 Nd7 15.
Nd2 g6 16. a4 Nf8 17. Kf2 Ne6 18. Nh3 Kd7 19. b4 Be7 20. Nb3 b6 21. a5 Bxg5 22. axb6 axb6 23. Nxg5 Nxg5 24. b5 Ne7 25. Ra7+ Kd6 26.
Rha1 Rhc8 27. R1a6 Ne6 28. Na5 Rc7 29. c4 Rxa7 30.
c5+ Nxc5 31. dxc5+ Kxc5 32. Rxa7 Nc8 33. Rc7+ Kd6 34.
Rc6+ Kd7 35. Nb3 Ne7 36. Rf6 Ke8 37. Nd4 Rb7 38. Nc6 Nc8 39. Rxf4 Nd6 40. Rd4 Kd7 41.
Rxd5 Ke6 42. Re5+ Kf6 43. f4 1-0

[Event "*** SCC Grand Prix: Titled Tuesday Blitz"]
[Site "Chess.com"]
[Date "2020.07.21"]
[Round "5"]
[White "Crazy_girl99"]
[Black "Dauletova"]
[Result "1-0"]
[WhiteElo "2484"]
[BlackElo "2319"]
[TimeControl "180+1"]
[EndTime "10:55:24 PDT"]
[Termination "Crazy_girl99 won on time"]

1. Nf3 d5 2. g3 c6 3. Bg2 Bg4 4. d4 Nd7 5. O-O Ngf6 6. c4 e6 7.
h3 Bf5 8. Nc3 Bd6 9. Nh4 Bg6 10.
cxd5 exd5 11. Bg5 O-O 12. Nxg6 hxg6 13. e3 Qb6 14. b3 Rfe8 15. h4 Qa5 16. Rc1 Ba3 17. Rc2 Bb4 18. Qd3 Bxc3 19. Qxc3 Qxc3 20. Rxc3 Ne4 21. Rc2 a5 22. Bf4 a4 23. b4 a3 24.
b5 cxb5 25. Rb1 Rec8 26. Rxc8+ Rxc8 27. Rxb5 Rc1+ 28. Kh2 Nxf2 29. Bxd5 Nf6 30. Bb3 N2g4+ 31. Kg2 Re1 32. Rxb7 Nxe3+ 33. Kf2 1-0

[Event "*** SCC Grand Prix: Titled Tuesday Blitz"]
[Site "Chess.com"]
[Date "2020.07.21"]
[Round "5"]
[White "Revnov"]
[Black "Zenzo"]
[Result "1-0"]
[WhiteElo "2729"]
[BlackElo "2550"]
[TimeControl "180+1"]
[EndTime "10:55:25 PDT"]
[Termination "Revnov won by checkmate"]

1. e4 e5 2. Nf3 Nc6 3. d4 exd4 4.
Nxd4 Bc5 5. Nb3 Bb6 6. Nc3 Nf6 7. Qe2 d6 8. Bg5 h6 9. Bh4 Nd4 10. Qd3 Nxb3 11. axb3 Be6 12. f3 O-O 13. O-O-O a5 14.
g4 Re8 15. Kb1 Bc5 16. Bg3 Nd7 17. f4 Bb4 18. f5 Nc5 19. Qf3 Bd7 20. Nd5 Nxe4 21.
c3 Bc5 22. Bd3 Ng5 23. Qg2 Bc6 24. h4 Nh7 25. g5 hxg5 26. Bc2 g4 27. h5 Re3 28.
Bh4 Qe8 29. Qxg4 Bxd5 30. Rxd5 a4 31. Rg1 Qf8 32. f6 axb3 33. Qxg7+ Qxg7 34. Rxg7+ Kf8 35. Rxh7 bxc2+ 36. Kxc2 Re2+ 37. Kd3 Rg2 38. Rg5 Rxg5 39. Bxg5 Kg8 40. Rg7+ Kf8 41. h6 Ra1 42. h7 Rd1+ 43.
Kc2 Rh1 44. Rg8# 1-0

[Event "*** SCC Grand Prix: Titled Tuesday Blitz"]
[Site "Chess.com"]
[Date "2020.07.21"]
[Round "5"]
[White "ENajer77"]
[Black "anon569"]
[Result "1-0"]
[WhiteElo "2696"]
[BlackElo "2313"]
[TimeControl "180+1"]
[EndTime "10:55:25 PDT"]
[Termination "ENajer77 won on time"]

1. e4 c5 2. Nf3 d6 3. d4 cxd4 4. Nxd4 Nf6 5. Nc3 a6 6. h3 e6 7. g4 Be7 8. Be3 b5 9. g5 Nfd7 10. h4 Bb7 11. a3 Nb6 12. Qh5 g6 13. Qg4 N8d7 14. h5 Ne5 15. Qg3 Rf8 16. hxg6 hxg6 17. O-O-O Rc8 18. Bf4 Qc7 19. Rh3 Nbc4 20. Kb1 Qb6 21.
Nb3 a5 22. Bc1 a4 23. Nd2 Bc6 24. f4 Nxd2+ 25. Bxd2 Nc4 26. Bc1 Bd7 27. Rh2 b4 28.
axb4 Qxb4 29. Na2 Qb6 30. Ka1 Rb8 31. Bxc4 1-0

[Event "*** SCC Grand Prix: Titled Tuesday Blitz"]
[Site "Chess.com"]
[Date "2020.07.21"]
[Round "5"]
[White "GOGIEFF"]
[Black "Harsha_Bharathakoti"]
[Result "1-0"]
[WhiteElo "2903"]
[BlackElo "2759"]
[TimeControl "180+1"]
[EndTime "10:55:26 PDT"]
[Termination "GOGIEFF won on time"]

1. d4 Nf6 2. c4 g6 3. Nc3 d5 4. cxd5 Nxd5 5. e4 Nxc3 6. bxc3 Bg7 7. Bc4 O-O 8. Ne2 c5 9. O-O Nc6 10. Be3 b6 11. h4 e6 12. h5 Qh4 13. hxg6 hxg6 14. f3 cxd4 15. cxd4 Rd8 16. Qd2 Be5 17. f4 Bg7 18. Rac1 Bb7 19. Rf3 Rac8 20. Rh3 Qe7 21. e5 Qd7 22. f5 exf5 23. Qe1 Nxe5 24. dxe5 Rxc4 25. Rxc4 Qd5 26. Nf4 Qxc4 27. e6 Qe4 28. Qg3 Rd1+ 29. Kh2 Rd6 30. Qh4 fxe6 31. Qe7 Be5 32.
Qe8+ Kg7 33. Qxg6+ Kf8 34. Qg5 Ke8 35. Rh7 1-0

[Event "*** SCC Grand Prix: Titled Tuesday Blitz"]
[Site "Chess.com"]
[Date "2020.07.21"]
[Round "5"]
[White "ketster"]
[Black "JesseKraai"]
[Result "0-1"]
[WhiteElo "2367"]
[BlackElo "2520"]
[TimeControl "180+1"]
[EndTime "10:55:26 PDT"]
[Termination "JesseKraai won on time"]

1. d4 d6 2. Nf3 Nf6 3. c4 Nbd7 4. Nc3 e5 5. e4 Be7 6. g3 O-O 7. Bg2 c6 8. O-O Re8 9. Qc2 a6 10. a4 a5 11. b3 exd4 12. Nxd4 Qb6 13. Rd1 Nc5 14. Ba3 Bf8 15. Rab1 g6 16. Nde2 Ng4 17. Nf4 Ne5 18. Nce2 Bg4 19. h3 Bf3 20. Bxc5 Qxc5 21.
Nd3 Nxd3 22. Qxd3 Bxe2 23. Qxe2 Bg7 24. Qd3 Rad8 25. Rd2 Qb4 26. Rbd1 Bc3 27. Rc2 Bf6 28. h4 Rd7 29. Bh3 Rde7 30. Bg2 Re6 31. Re2 Bd8 32.
Red2 Bb6 33. g4 Bc5 34. Qg3 Qb6 35. h5 Qd8 36. Qf4 Qh4 37. Qf3 Rf6 38. Qh3 Bxf2+ 39. Kh2 Bg3+ 40. Kh1 Qxh3+ 41. Bxh3 Be5 42. hxg6 hxg6 43.
Rf1 Rxf1+ 44. Bxf1 Kg7 45. Bg2 Rh8+ 46. Kg1 Rh4 47.
Bf3 Rh3 48. Rd3 Kf6 49. Bg2 Rxd3 0-1

[Event "*** SCC Grand Prix: Titled Tuesday Blitz"]
[Site "Chess.com"]
[Date "2020.07.21"]
[Round "5"]
[White "chessdjw"]
[Black "SHIVACalypso"]
[Result "1-0"]
[WhiteElo "2669"]
[BlackElo "2348"]
[TimeControl "180+1"]
[EndTime "10:55:26 PDT"]
[Termination "chessdjw won by checkmate"]

1. c4 Nf6 2. Nc3 e6 3. e4 c5 4.
e5 Ng8 5. Nf3 Nc6 6. d4 cxd4 7.
Nxd4 Nxd4 8. Qxd4 Ne7 9. Bf4 Nc6 10. Qe3 Bb4 11. O-O-O Qa5 12. Nb5 a6 13. Nd6+ Bxd6 14. Rxd6 Qxa2 15. Bd3 Nb4 16. Bb1 Qxc4+ 17. Qc3 Qxc3+ 18.
bxc3 Nd5 19. Bd2 f6 20. c4 Ne7 21. exf6 gxf6 22. h4 f5 23. h5 Rg8 24. g3 b5 25.
cxb5 axb5 26. Re1 Bb7 27. Kb2 Bc6 28. Ba2 O-O-O 29. Bc3 Nd5 30. Be5 Kb7 31. Rc1 Ra8 32. Bxd5 Bxd5 33. Rxd7+ Kb6 34. Bd4+ Ka5 35. Rdc7 Bc4 36.
Ra1+ Kb4 37. Bc3# 1-0

[Event "*** SCC Grand Prix: Titled Tuesday Blitz"]
[Site "Chess.com"]
[Date "2020.07.21"]
[Round "5"]
[White "ChristianAlm"]
[Black "tlomigtlis"]
[Result "1-0"]
[WhiteElo "2526"]
[BlackElo "2372"]
[TimeControl "180+1"]
[EndTime "10:55:27 PDT"]
[Termination "ChristianAlm won by checkmate"]

1. d4 d5 2. c4 c6 3. Nf3 Nf6 4. Nc3 e6 5. e3 a6 6. Bd3 dxc4 7. Bxc4 b5 8. Bd3 c5 9. O-O Nbd7 10. Qe2 Bb7 11. Rd1 Qb8 12. e4 cxd4 13. Nxd4 Bd6 14. g3 O-O 15. f4 e5 16. Nf5 Bc5+ 17.
Kh1 Bc6 18. a3 exf4 19. Bxf4 Qb7 20. b4 Bb6 21. Ne7+ Kh8 22. Nxc6 Qxc6 23. Rac1 Qb7 24.
Nd5 Nxd5 25. exd5 Qxd5+ 26. Be4 Qe6 27. Qd3 Rad8 28. Bf5 Ne5 29. Qxd8 Rxd8 30. Bxe6 fxe6 31. Rxd8+ Bxd8 32. Bxe5 Kg8 33. Rc8 Kf7 34. Rxd8 Kg6 35.
g4 h5 36. h3 hxg4 37. hxg4 Kg5 38. Rd4 g6 39. Kg2 Kh6 40. Kg3 Kg5 41. Bg7 a5 42.
Re4 axb4 43. Re5# 1-0